 Dungeon Crawl Stone Soup version 0.18.1-5-g4a78601 (webtiles) character file.

61 Northaan the Shooter (level 3, -3/30 HPs)
             Began as a Centaur Hunter on May 10, 2016.
             Slain by Natasha (5 damage)
             ... on level 2 of the Dungeon.
             The game lasted 00:03:31 (2394 turns).

Northaan the Shooter (Centaur Hunter)               Turns: 2394, Time: 00:03:32

Health: -3/30      AC:  4    Str: 14    XL:     3   Next: 83%
Magic:  3/3        EV:  9    Int: 10    God:
Gold:   146        SH:  0    Dex: 10    Spells: 0 memorised, 2 levels left

rFire  . . .     SeeInvis .     a - +1 shortbow
rCold  . . .     Gourm    .     c - +0 leather armour
rNeg   . . .     Faith    .     (shield currently unavailable)
rPois  .         Spirit   .     (no helmet)
rElec  .         Dismiss  .     (no cloak)
rCorr  .         Reflect  .     (no gloves)
SustAt +         Harm     .     (no barding)
MR     .....                    (no amulet)
Stlth  +.........               (no ring)
                                k - ring of sustain attributes

@: very quick, not resistant to hostile enchantments, very unstealthy
A: hooves 3, deformed body, speed 2, tough skin 3
a: no special abilities


You were on level 2 of the Dungeon.
You were not hungry.

You visited 1 branch of the dungeon, and saw 2 of its levels.

You collected 146 gold pieces.

Inventory:

Hand Weapons
 a - a +1 shortbow (weapon)
 b - a +0 short sword
Missiles
 d - 79 arrows (quivered)
Armour
 c - a +0 leather armour (worn)
Jewellery
 k - a ring of sustain attributes (left hand)
Scrolls
 g - a scroll of fog {unknown}
 h - 3 scrolls of identify {unknown}
 o - a scroll of magic mapping {unknown}
 p - a scroll of immolation {unknown}
Potions
 e - 3 potions of degeneration {unknown}
 i - a potion of heal wounds {unknown}
 j - a potion of haste {unknown}
 m - a potion of lignification {unknown}
Comestibles
 f - a bread ration
 l - 2 chunks of flesh
 n - 2 slices of pizza


   Skills:
 * Level 2.9 Fighting
 * Level 6.2 Bows
 + Level 0.7 Armour
 + Level 1.5 Dodging
 - Level 0.5 Stealth


You had 2 spell levels left.
You didn't know any spells.

Dungeon Overview and Level Annotations

Branches:
Dungeon (2/15)

Altars:

Annotations:
D:2 Natasha


Innate Abilities, Weirdness & Mutations

You have hooves in place of feet.
Armour fits poorly on your strangely shaped body.
You cover ground very quickly.
You have extremely tough skin (AC +3).


Message History

Okay, then.
Firing (i - inventory):
d - 82 arrows (quivered)
Press: ? - help, Shift-Dir - straight line, f/p - Natasha
Aim: Natasha, carrying a wand of flame {zapped: 5} (heavily wounded)
You shoot an arrow. The arrow barely misses Natasha.
Natasha claws you but does no damage.
Firing (i - inventory):
d - 81 arrows (quivered)
Press: ? - help, Shift-Dir - straight line, f/p - Natasha
Aim: Natasha, carrying a wand of flame {zapped: 5} (heavily wounded)
You shoot an arrow. The arrow hits Natasha.
Natasha is severely wounded.
Natasha mumbles some strange words.
Firing (i - inventory):
d - 80 arrows (quivered)
Press: ? - help, Shift-Dir - straight line, f/p - Natasha
Aim: Natasha, carrying a wand of flame {zapped: 5} (severely wounded)
You shoot an arrow. The arrow closely misses Natasha.
The arrow hits the iron imp.
The iron imp is lightly wounded.
Natasha claws you.
You die...

# #####.# ########
#...#.#
.......####.#.#.#
###.##.#....#.#.##
....##.<.####....#
#######..## ###..#
###### ..........#
#..# #.)..#
########.## #).#
####.##.# #.##
#.@# #....##.#
#..# #.h####
#.#....)# ##.##
#.(...# #.#)#####
#..# #.5##(# #).<#
##.# #..##.#
####.# #.# #((...#
#....# #)# #.#####
#.#### #.## #.#
###.# #..# #.#
#...#


You could see an iron imp and Natasha.

Vanquished Creatures
  Natasha (D:2)
  An adder (D:2)
  A worm (D:2)
  2 giant geckos
  4 bats
  2 goblins
  A hobgoblin (D:1)
  5 kobolds
  A quokka (D:2)
  A ball python (D:2)
  3 giant newts
  6 rats
28 creatures vanquished.

Notes
Turn   | Place    | Note
--------------------------------------------------------------
     0 | D:1      | Northaan the Centaur Hunter began the quest for the Orb.
     0 | D:1      | Reached XP level 1. HP: 17/17 MP: 1/1
   415 | D:1      | Reached XP level 2. HP: 20/24 MP: 2/2
  1236 | D:2      | Noticed Natasha
  1439 | D:2      | Reached XP level 3. HP: 21/30 MP: 3/3
  1450 | D:2      | Reached skill level 6 in Bows
  1597 | D:2      | HP: 1/30 [shadow imp[Natasha] (4)]
  2218 | D:2      | Killed Natasha
  2384 | D:2      | Noticed Natasha
  2391 | D:2      | HP: 1/30 [Natasha/wand of flame (11)]
  2394 | D:2      | Slain by Natasha

Skill      XL: |  1  2  3 |
---------------+----------+-----
Bows           | 6 |  6.2
Fighting       | |  2.9
Armour         | |  0.7
Dodging        | |  1.5
Stealth        | |  0.5

Action                   || total
-------------------------++-------
Melee: Short sword       ||    91
       Kick              ||    15
 Fire: Shortbow          ||    36
  Eat: Chunk             ||     3
Armor: Leather armour    ||    47
Dodge: Dodged            ||    44
